giann, lawful female dwarven Valkyrie ---------- ----------- ---------- |........| |.........| |........| #-........| |.........| |........| #|........| |.........| ------- ##........<| #|........| ##......@...| |?.?..| # |.........# #|>.......| # |......B..| |%!%+.-# ### |........|# #|........|#######..........| |.[!(.|# # --------.-# #---.------# # ---------.- -------# ### # # # ######## ####### # # ### # # # # # # # ## ### # ### # --.--- #------# # # # |....| #.....|# # ###### # |....| |..>..# # -----.-----# |....| |.(..| ##...........# ------ ------ |.........| ----------- giann the Skirmisher Experience level: 5 Strength: 18/03 Dexterity: 12 Constitution: 19 Intelligence: 8 Wisdom: 7 Charisma: 8 Health: 0(62) Energy: 6(6) Def: 11 Gold: 139 Moves: 2616 Dungeon seed: wNN-IWzBEYTU3PG4 Game ID: giann_1506190481 Your Inventory: Coins $ - 139 gold pieces Weapons a - a corroded +1 long sword (weapon in hand) b - a +0 dagger Armor e - an uncursed +3 small shield (being worn) q - an uncursed +0 orcish helm (being worn) r - a cursed +0 banded mail (being worn) Scrolls h - an uncursed scroll of genocide Potions l - an uncursed potion of oil p - an uncursed potion of invisibility Rings m - an uncursed +1 ring of increase damage (on left hand) Wands g - a wand of cold (0:7) Tools d - an uncursed oil lamp (0:1325) Gems n - 2 uncursed worthless pieces of blue glass Spells and supernatural/magical abilities: Name Level Category Fail Memory W - pray for help -- divine ? -- Your skills at the end: Fighting Skills wands [Basic] Weapon Skills dagger [Basic] long sword [Basic] Spellcasting Skills Final Attributes: You were piously aligned. You were cold resistant. You had infravision. You were stealthy. You had a +1 damage bonus. You are dead. Vanquished creatures: a large mimic a small mimic a gray ooze a little dog 2 hill orcs 2 orc zombies a gas spore a green mold 3 geckos 8 jackals 3 sewer rats 2 grid bugs 2 bats 2 lichens 7 newts 37 creatures vanquished. Voluntary challenges: You had followed a strict vegetarian diet until turn 2517. You used a wielded weapon 48 times, starting on turn 54. You read items or engraved 3 times, starting on turn 827. You never genocided any monsters. You never polymorphed an object. You never changed form. You used no wishes. You never split a pudding. You never wrote Elbereth's name. You violated your moral code, losing 21 points of alignment, starting on turn 989. Dungeon overview: The Dungeons of Doom: levels 1 to 4 Level 1 a fountain, a sink a long staircase Level 2 a fountain Level 3 a scroll shop, an altar to Odin Level 4 <- You were here a general store, a vault a long staircase History has recorded: On T:1 you entered the Dungeons of Doom to retrieve the Amulet of Yendor! On T:629 you reached level 2 of The Dungeons of Doom. On T:966 you reached level 3 of The Dungeons of Doom. On T:1001 you advanced to experience level 2. On T:1540 you advanced to experience level 3. On T:1772 you advanced to experience level 4. On T:2044 you reached level 4 of The Dungeons of Doom. On T:2211 you advanced to experience level 5. Score breakdown: Gold: 139 ( 7300 points) Experience: 5 levels (11141 points) Exploration: 4 levels ( 8.16%) ( 7500 points) Discoveries: 7 items ( 2.81%) ( 5030 points) Valuables value: (no points given unless you survive) Artifact value: 0 ( 0 points) Variety of kills: 15 monsters ( 3.92%) ( 5937 points) Turncount: 2616 turns ( -397 points) Survival: died (score multiplied by 80%) Total score: 29208 Latest messages: The giant bat bites! (3x) The giant bat just misses! The giant bat bites! The giant bat misses. The giant bat bites! (2x) The giant bat misses. You come to. The giant bat bites! (2x) You faint from lack of food. The giant bat just misses! The giant bat misses. The giant bat bites! (4x) The giant bat misses. (2x) The giant bat bites! (2x) The giant bat misses. The giant bat bites! (2x) The giant bat misses. (2x) The giant bat just misses! The giant bat bites! (2x) You come to. You miss the giant bat. The giant bat bites! (2x) You faint from lack of food. The giant bat bites! (5x) You die... Final status: Farvel giann the Valkyrie, killed by a giant bat, while fainted from lack of food... You died in The Dungeons of Doom on dungeon level 4 with 29208 points, and 139 pieces of gold, after 2616 moves. You were level 5 with a maximum of 62 hit points when you died.